 Dungeon Crawl Stone Soup version 0.20.1-1-g8b1a95d (webtiles) character file.

958 slep the Slasher (level 8, -4/68 HPs)
             Began as a Hill Orc Gladiator on Dec 23, 2017.
             Slain by Blork the orc
             ... wielding a +0 battleaxe of electrocution
              (11 damage)
             ... on level 4 of the Dungeon.
             The game lasted 00:17:28 (3546 turns).

slep the Slasher (Hill Orc Gladiator)               Turns: 3546, Time: 00:17:29

Health: -4/68      AC:  5    Str: 17    XL:     8   Next: 14%
Magic:  8/8        EV: 13    Int:  8    God:
Gold:   184        SH:  0    Dex: 14    Spells: 7/7 levels left

rFire    + . .     SeeInvis .   a - +0 long sword
rCold    x . .     Gourm    .   (no shield)
rNeg     . . .     Faith    .   b - +0 leather armour
rPois    +         Spirit   .   c - +0 helmet
rElec    .         Reflect  .   (no cloak)
rCorr    .         Harm     .   (no gloves)
MR       .....                  x - +0 pair of boots
Stlth    ++........             (no amulet)
Regen    0.3/turn               o - ring of fire
MPRegen  0.2/turn               B - ring of poison resistance

@: no status effects
A: no striking features
a: no special abilities


You were on level 4 of the Dungeon.
You were hungry.

You visited 2 branches of the dungeon, and saw 5 of its levels.

You collected 184 gold pieces.

Inventory:

Hand Weapons
 a - a +0 long sword (weapon)
Missiles
 d - 4 throwing nets (quivered)
 i - 3 silver javelins
 t - 60 sling bullets
Armour
 b - a +0 leather armour (worn)
 c - a +0 helmet (worn)
 x - a +0 pair of boots (worn)
Jewellery
 o - a ring of fire (left hand)
 v - an uncursed ring of magical power
 B - a ring of poison resistance (right hand)
Scrolls
 e - 4 scrolls of identify {unknown}
 g - 2 scrolls of fear {unknown}
 h - a scroll of enchant weapon {unknown}
 k - 5 scrolls of remove curse {unknown}
 l - 2 scrolls of teleportation {unknown}
 m - a scroll of blinking {unknown}
 p - a scroll of noise {unknown}
 w - a scroll of enchant armour {unknown}
 A - a scroll of immolation {unknown}
Potions
 q - a potion of resistance
 s - a potion of mutation {unknown}
Books
 y - a book of Misfortune

   Spells                             Type                      Level
   a - Confusing Touch                Hexes                        1
   b - Confuse                        Hexes                        3
   c - Gell's Gravitas                Translocation                3
   d - Petrify                        Transmutation/Earth          4
   e - Metabolic Englaciation         Hexes/Ice                    5
   f - Yara's Violent Unravelling     Hexes/Transmutation          5
Comestibles
 f - 5 bread rations
 j - a fruit
 n - a chunk of flesh
 r - 2 royal jellies


   Skills:
 + Level 5.2 Fighting
 + Level 7.9 Long Blades
 + Level 1.8 Throwing
 + Level 3.1 Armour
 + Level 3.5 Dodging
 + Level 1.5 Stealth


You had 7 spell levels left.
You didn't know any spells.

Dungeon Overview and Level Annotations

Branches:
Dungeon (4/15)             Temple (1/1) D:4

Altars:
Ashenzari
Cheibriados
Dithmenos
Elyvilon
Fedhas
Gozag
Hepliaklqana
Qazlal
Ru
Uskayaw
Vehumet
Xom
Yredelemnul
Zin
The Shining One

Shops:
D:4 *

Annotations:
D:3 exclusion: door
D:4 Blork the orc


Message History

Blork the orc misses you.
You are feeling hungry.
You closely miss Blork the orc.
Blork the orc is moderately wounded.
Blork the orc closely misses you.
You riposte.
You hit Blork the orc.
Blork the orc is heavily wounded.
You slash Blork the orc!
Blork the orc is severely wounded.
Blork the orc hits you with a battleaxe of electrocution!
You are electrocuted!
* * * LOW HITPOINT WARNING * * *
Blork the orc mumbles some strange words.
Blork the orc seems to speed up.
You see here 25 stones.
Blork the orc casts a spell at you. The puff of frost hits you!
You feel a terrible chill!
* * * LOW HITPOINT WARNING * * *
Blork the orc barely misses you.
Blork the orc hits you with a battleaxe of electrocution!
You die...

.......###.# ####.##((.....
.......^##.### ##.##(##.###
........##.... #..#..##..##
........##..# #....###....
........##.# ##..### #.###
........p..# #...# ##.###
....[....#(#### #####.).####.....
........##....###.)()()##...)#.##
#.#.....##.##.##@.###.###......##
#.#.....##.#...o.###.......#####
#.##.........#.#####.....###
#.###..##..###.(.##..#####
........<.## ###..#.######
......##..######.p.......#
......##...##....).......#
......##...##.##....)....#####
#####.##......##...........<..


You could see Blork the orc.

Vanquished Creatures
  Pikel (D:4)
  An ogre (D:4)
  An orc priest (D:3)
  3 orc wizards
  An iguana (D:4)
  2 worker ants (D:4)
  5 gnolls
  8 adders
  3 oozes
  2 worms (D:3)
  A dart slug (D:1)
  2 leopard geckos
  8 orcs
  A ball python (D:1)
  3 giant cockroaches (D:1)
  9 goblins
  6 hobgoblins
  10 jackals
  2 quokkas
  7 bats
  6 frilled lizards
  9 kobolds
  11 rats
  A bush (D:3)
  2 plants
105 creatures vanquished.

Vanquished Creatures (others)
  An orc wizard (D:4)
  3 gnolls (D:4)
  An orc (D:4)
5 creatures vanquished.

Grand Total: 110 creatures vanquished

Notes
Turn   | Place    | Note
-------+----------+-------------------------------------------
     0 | D:1      | slep the Hill Orc Gladiator began the quest for the Orb.
     0 | D:1      | Reached XP level 1. HP: 18/18 MP: 1/1
    61 | D:1      | Reached XP level 2. HP: 21/25 MP: 2/2
   295 | D:1      | Reached skill level 4 in Long Blades
   341 | D:1      | Reached XP level 3. HP: 24/30 MP: 3/3
  1040 | D:2      | Reached skill level 1 in Armour
  1048 | D:2      | Reached XP level 4. HP: 25/37 MP: 4/4
  1559 | D:2      | Found an opulent altar of Gozag.
  1559 | D:2      | Found a basalt altar of Yredelemnul.
  1916 | D:3      | Reached skill level 5 in Long Blades
  1982 | D:3      | HP: 1/38 [poisoned by an adder]
  1985 | D:3      | Reached XP level 5. HP: 26/45 MP: 5/5
  2353 | D:3      | Reached skill level 1 in Stealth
  2353 | D:3      | Reached XP level 6. HP: 20/52 MP: 6/6
  2731 | D:4      | Reached skill level 6 in Long Blades
  2845 | D:4      | Found Hoicwoh's Assorted Antiques.
  2880 | D:4      | Found a staircase to the Ecumenical Temple.
  2887 | D:4      | Reached XP level 7. HP: 51/60 MP: 7/7
  2894 | Temple   | Entered the Ecumenical Temple
  3165 | D:4      | Found a hide-covered altar of Uskayaw.
  3165 | D:4      | Found a white marble altar of Elyvilon.
  3211 | D:4      | Noticed Pikel
  3241 | D:4      | Killed Pikel
  3241 | D:4      | Reached skill level 5 in Fighting
  3241 | D:4      | Reached skill level 7 in Long Blades
  3241 | D:4      | Reached XP level 8. HP: 10/68 MP: 8/8
  3248 | D:4      | HP: 2/68 [worker ant (3)]
  3259 | D:4      | HP: 3/68 [poisoned by a worker ant]
  3283 | D:4      | Noticed Blork the orc
  3546 | D:4      | Slain by Blork the orc

Skill      XL: |  1  2  3  4  5  6  7 |
---------------+----------------------+-----
Long Blades    | 4 5 6 7 |  7.9
Armour         | 1 2 3 |  3.1
Fighting       | 3 4 5 |  5.2
Stealth        | 1 |  1.5
Dodging        | 3 |  3.5
Throwing       | |  1.8

Action                   |  1- 3 |  4- 6 |  7- 9 || total
-------------------------+-------+-------+-------++-------
Melee: Long sword        |   121 |   211 |   120 ||   452
  Use: Potion            |       |     4 |     4 ||     8
 Stab: Invisible         |       |     4 |       ||     4
       Sleeping          |       |     2 |       ||     2
  Eat: Chunk             |       |     7 |     2 ||     9
Armor: Leather armour    |    21 |    60 |     1 ||    82
Dodge: Dodged            |    71 |   122 |    34 ||   227
       Rpst.: Long sword |    22 |    48 |    10 ||    80
